 Dungeon Crawl Stone Soup version 0.28-a0-612-gcfc00ec14d (webtiles) character file.

Game seed: 12627569043534762654

49 tilp the Conjurer (level 3, 0/14 HPs)
             Began as a Felid Hedge Wizard on Oct 5, 2021.
             Splashed by a jelly's acid (9 damage)
             ... on level 3 of the Dungeon.
             The game lasted 00:03:34 (2915 turns).

tilp the Conjurer (Felid Hedge Wizard)              Turns: 2915, Time: 00:03:34

Health: 0/14       AC:  1    Str:  6    XL:     3   Next: 53%
Magic:  8/8        EV: 17    Int: 16    God:
Gold:   31         SH:  0    Dex: 15    Spells: 1/8 levels left
                                        Lives:  0   Deaths: 0

rFire   . . .      SeeInvis +   (weapon unavailable)
rCold   . . .      Faith    .   (shield unavailable)
rNeg    . . .      Spirit   .   (armour unavailable)
rPois   .          Reflect  .   (helmet unavailable)
rElec   .          Harm     .   (cloak unavailable)
rCorr   .          Rampage  .   (gloves unavailable)
Will    .....                   (boots unavailable)
Stlth   ++........              (no amulet)
HPRegen 0.04/turn               (no ring)
MPRegen 0.11/turn               (no ring)

@: quick
A: very small, claws 1, fangs 3, see invisible, speed 1, shaggy fur 1, stealthy
paws, no weapons or thrown items, no armour, multi-lived
a: no special abilities


You were on level 3 of the Dungeon.
You visited 1 branch of the dungeon, and saw 3 of its levels.

You collected 105 gold pieces.
You spent 74 gold pieces at shops.

Inventory:

Scrolls
 i - a scroll of fear
Potions
 a - 2 potions of curing
 c - a potion of heal wounds {unknown}
 f - a potion of lignification {unknown}
 g - a potion of flight {unknown}
 h - a potion of haste {unknown}


   Skills:
 - Level 2.6 Dodging
 - Level 2.6 Stealth
 - Level 3.0 Spellcasting
 + Level 3.2 Conjurations
 - Level 1.0 Summonings
 - Level 1.5 Translocations


You had one spell level left.
You knew the following spells:

 Your Spells              Type           Power      Damage    Failure   Level
a - Magic Dart            Conj           48%        1d5       4%          1
b - Call Imp              Summ           5%         N/A       19%         2
c - Blink                 Tloc           N/A        N/A       16%         2
d - Slow                  Hex            2%         N/A       28%         2

Your spell library contained the following spells:

 Spells                   Type           Power      Damage    Failure   Level
 Conjure Flame            Conj/Fire      7%         6-21      28%         3
 Gell's Gravitas          Tloc           3%         N/A       30%         3
 Lesser Beckoning         Tloc           7%         N/A       30%         3
 Teleport Other           Tloc           7%         N/A       30%         3
 Mephitic Cloud           Conj/Pois/Air  5%         N/A       36%         3
 Ozocubu's Armour         Ice            2%         N/A       50%         3
 Metabolic Englaciation   Hex/Ice        1%         N/A       99%         5
 Simulacrum               Ice/Necr       1%         N/A       100%        6


Dungeon Overview and Level Annotations

Branches:
Dungeon (3/15)

Altars:

Shops:
D:2 [*?[


Innate Abilities, Weirdness & Mutations

You have sharp claws.
You have razor-sharp teeth.
You have supernaturally acute eyesight. (SInv)
You cover ground quickly. (Speed+)
You are covered in fur. (AC +1)
Your paws help you pounce on unaware monsters.
You are incapable of wielding weapons or throwing items.
You cannot wear armour.
You gain extra lives every three experience levels.


Message History

Casting: Magic Dart (safe; 4% risk of failure)
Confirm with . or Enter, or press ? or * to list all spells.
Aiming: Magic Dart (safe; 4% risk of failure)
Press: ? - help, Shift-Dir - straight line, f/p - kobold
Aim: a kobold, wielding a +0 whip (severely wounded, 100% to hit)
The magic dart hits the kobold.
You kill the kobold!
Unknown command.
Your magical contamination has completely faded away.
Things that are here:
a +0 whip; a kobold corpse You now have 31 gold pieces (gained 8).
You see here 17 arrows.
Done exploring.
Done exploring.
Done exploring.
As you read the scroll labelled ZYSSYCV TENTAUREO, it crumbles to dust.
Wisps of shadow whirl around you...
It was a scroll of summoning.
You start waiting.
Your goblin dissolves into shadows!
Your ball python dissolves into shadows!
Done waiting.
As you read the scroll labelled LONGETY SEZUE, it crumbles to dust.
Your body is wracked with pain!
It was a scroll of torment.
You start resting.
HP restored.
As you read the scroll labelled VUISUO MISMUE, it crumbles to dust.
You hear a loud clanging noise!
It was a scroll of noise.
You see here 17 arrows.
There is a stone staircase leading down here.
You climb downwards.
There is a stone staircase leading up here.
Unknown command.
You pounce on the unaware helpless jelly!
You claw the jelly!
Your paws burn!
You bite the jelly.
The jelly is severely wounded.
The jelly hits you.
You are splashed with acid!
Ouch! That really hurt!
You die...

##+# #+##
#8.8# #8h8#
#...###.h.#
#...J..h#
#..@h.#
##8.8##
#####


You could see a jelly and 4 jackals.

Vanquished Creatures
  A dart slug (D:1)
  6 ball pythons
  4 endoplasms
  A giant cockroach (D:1)
  2 goblins (D:2)
  3 hobgoblins (D:2)
  4 kobolds
  5 quokkas
  4 bats
  3 frilled lizards
  4 rats
37 creatures vanquished.

Vanquished Creatures (collateral kills)
  2 worms (D:2)
2 creatures vanquished.

Grand Total: 39 creatures vanquished

Notes
Turn   | Place    | Note
-------+----------+-------------------------------------------
     0 | D:1      | tilp the Felid Hedge Wizard began the quest for the Orb.
     0 | D:1      | Reached XP level 1. HP: 7/7 MP: 5/5
    38 | D:1      | Reached skill level 1 in Conjurations
   333 | D:1      | Reached XP level 2. HP: 11/11 MP: 5/7
   336 | D:1      | Learned a level 2 spell: Call Imp
   339 | D:1      | Learned a level 2 spell: Blink
   342 | D:1      | Learned a level 2 spell: Slow
   421 | D:1      | Found a faded altar of an unknown god.
  1174 | D:2      | Found Urghaxop's Armour Emporium.
  1588 | D:2      | Found Nikhlets's General Store.
  1594 | D:2      | Bought a potion of curing for 39 gold pieces
  1611 | D:2      | You fall into a shaft and drop 1 floor!
  1681 | D:2      | Reached XP level 3. HP: 14/14 MP: 6/8
  1943 | D:2      | Found Tarem's Magic Scroll Shoppe.
  1958 | D:2      | Bought a scroll of fear for 35 gold pieces
  1958 | D:2      | Found Untuet's Antique Armour Shoppe.
  2915 | D:3      | Splashed by a jelly's acid

Illustrated notes

Levels and vault maps discovered:
D:1:      minmay_arrival_shattered_statue, layout_basic,
          hellmonk_ecumenical_altar_blasted
D:2:      layout_loops_ring, serial_shops, nicolae_shop_stone, shop, shop,
          nicolae_shop_waterfront, minivault_26
D:3:      layout_loops_ring, grunt_ministairs_8, uniq_natasha

Skill      XL: |  1  2  3 |
---------------+----------+-----
Conjurations   | 1 2 3 |  3.2
Dodging        | |  2.6
Stealth        | |  2.6
Spellcasting   | |  3.0
Summonings     | |  1.0
Translocations | |  1.5

Action                   || total
-------------------------++-------
Melee: Unarmed           ||     8
       Bite              ||     2
 Cast: Magic Dart        ||   109
       Call Imp          ||     2
  Use: Scroll            ||     6
 Stab: Sleeping          ||     1
Armor: Skin              ||     1
Dodge: Dodged            ||    16

Table legend: (Time is in decaauts)
 A = Elapsed time spent in this place.
 B = Non-inter-level travel time spent in this place.
 C = Inter-level travel time spent in this place.
 D = Time resting spent in this place.
 E = Time spent auto-exploring this place.
 F = Levels seen in this place.
 G = Mean time per level.
                   A        B        C        D        E       F      G
               +--------+--------+--------+--------+--------+-----+--------+
         Total |   2667 |   2604 |     63 |    473 |   1855 |   3 |  889.0 |
       Dungeon |   2667 |   2604 |     63 |    473 |   1855 |   3 |  889.0 |
               +--------+--------+--------+--------+--------+-----+--------+

Top non-repeatable levels by time:
     D:2: 1583 daAuts
     D:1: 1039 daAuts
     D:3: 44 daAuts
